Unix NetHack Version 5.0.0-0 post-release - last build May 23 2026 06:08:33 (1c0ff79ee797540d5714e4e18072db0edd9e58ae,branch:main).

Game began 2026-05-28 19:14:47, ended 2026-05-28 19:43:59.

Brudee, neutral female human Tourist

     ----                   --------    -------
     |..|                   |......|    |..<..-#         ##
     |..|         -----    #oo.....|    |.{...|##        -.----
     --..#########.).^.####@|......|    -*----- #        |....|
                  |....     |......|  ####      #        |.....##
                  |...|     |>...=`|  # *       #        |....| #
                  -.-+-     -+-|----  ##        #        |....| #          #
                   # #       # ####   #         #        --|--- ######  -----
                   #####     ###  ## ##         #        ###         #  |...|
                     # # # #   #   ####         #       ##         0####-...|
   ---------       ### ## *#############        ####  ### #        # #  |...|
   |!!!(.).|      -----..--*  *   ##########       # --------      # ###|...|
   |(!!)%)!|      |....{.*|#   *-..----.---.-      # |....`.|  #####   #.>^.|
   |..*..%.-######-.......-#    ............|      ##-.......###        |...|
   |+%))(=.|      |)......|     |...........|        |......|           -----
   |?..[!(.|      ---------     |...........|        ------.-              #
   ---------        #           |...........|          #   #
                                -------------

Brudee the Excursionist     St:12 Dx:11 Co:16 In:12 Wi:12 Ch:16  Neutral S:5985
Dlvl:4  $:3658 HP:0(52) Pw:25(25) AC:3  Xp:6/534 T:7721 

Latest messages:
 Shaggy eats a Mordor orc corpse.
 The Mordor orc throws a dart!
 The dart hits the Mordor orc.
 The Mordor orc picks up a dart.
 What do you want to wear? [wF or ?*] ?
 The Mordor orc throws a dart!
 The dart misses Shaggy.
 A dart misses you.
 You finish your dressing maneuver.
 c - a dart.
 There is nothing here to pick up.
 You start digging.
 You hit the rock with all your might.
 The Mordor orc picks up an iron skull cap.
 You stop digging.
 You have no ammunition readied.
 What do you want to fire? [$acpvIN or ?*] a
 You ready: a - a +2 dart.
 In what direction? u
 The dart hits the Mordor orc!
 You have no ammunition readied.
 What do you want to fire? [$cpvIN or ?*] <space>
 Never mind.
 You have no ammunition readied.
 What do you want to fire? [$cpvIN or ?*] <space>
 Never mind.
 You have no ammunition readied.
 What do you want to fire? [$cpvIN or ?*] v
 You ready: v - 2 crude daggers.
 In what direction? u
 The crude dagger hits the Mordor orc.
 In what direction? u
 The crude dagger hits the Mordor orc.
 The Mordor orc throws a dart!
 The dart misses the Mordor orc.
 A dart misses you.
 You hit the Mordor orc.
 What do you want to wield? [- cpINW or ?*] N
 N - a crude dagger (weapon in right hand).
 The Mordor orc swings his curved sword.
 The Mordor orc hits!
 You hit the Mordor orc!
 The Mordor orc swings his curved sword.
 The Mordor orc hits!
 You miss the Mordor orc.
 The Mordor orc swings his curved sword.
 The Mordor orc hits!
 You die...
 Do you want your possessions identified? [ynq] (y) y
 Do you want to see your attributes? [ynq] (y) q

Inventory:
 Coins    ('$')
  $ - 3658 gold pieces
 Weapons  (')')
  c - a +1 dart
  p - 14 +0 darts
  I - a corroded +2 dart
  N - a +5 orcish dagger (weapon in right hand)
 Armor    ('[')
  F - an uncursed +1 orcish helm
  w - an uncursed +0 orcish helm (being worn)
  b - an uncursed +0 pair of iron shoes (being worn)
  X - a cursed +0 pair of iron shoes
  j - an uncursed +4 Hawaiian shirt with a flamingo motif (being worn)
 Comestibles  ('%')
  V - 2 uncursed food rations
 Scrolls  ('?')
  h - a blessed scroll of magic mapping
 Potions  ('!')
  U - a cursed potion of booze
  g - a cursed potion of confusion
  K - a blessed potion of healing
  f - an uncursed potion of healing
  O - an uncursed potion of invisibility
  u - a cursed potion of restore ability
 Rings    ('=')
  i - a cursed ring of hunger
 Tools    ('(')
  l - an uncursed credit card
  k - an expensive camera (0:38)
  W - a +0 pick-axe
  q - a cursed tallow candle
 Gems/Stones  ('*')
  Y - 2 uncursed turquoise stones
  Z - an uncursed worthless piece of orange glass
  Q - 2 uncursed rocks

Brudee the Tourist's attributes:

Background:
 You were an Excursionist, a level 6 female human Tourist.
 You were neutral, on a mission for The Lady
 who was opposed by Blind Io (lawful) and Offler (chaotic).
 You were right-handed.
 You were in the Dungeons of Doom, on level 4.
 You entered the dungeon 7721 turns ago.
 You had 534 experience points, 106 more were needed to attain level 7.
 Your score was 5985 before end-of-game adjustments.

Basics:
 You had 0 out of 52 hit points.
 You had all 25 energy points (spell power).
 Your armor class was 3.
 Your wallet contained 3658 zorkmids.
 Autopickup was on for '$!=+?/"' plus thrown.

Final Characteristics:
 Your strength was 12 (limit:18/100).
 Your dexterity was 11 (limit:18).
 Your constitution was 16 (peak:17, limit:18).
 Your intelligence was 12 (limit:18).
 Your wisdom was 12 (limit:18).
 Your charisma was 16 (limit:18).

Final Status:
 You weren't hungry.
 You were unencumbered.
 You were wielding a dagger.
 You were unskilled in dagger.

Final Attributes:
 You were piously aligned.
 You are dead.

Miscellaneous:
 You didn't encounter any bones levels.
 Total elapsed playing time was 29 minutes and 11 seconds.

Major events:
 Turn
    1: Brudee the neutral female human Tourist entered the dungeon
 1406: attained the rank of Sightseer (level 3)
 6934: entered the Gnomish Mines
 6956: attained the rank of Excursionist (level 6)
 7721: killed by a Mordor orc

You didn't know any spells.

Skills:
 Fighting Skills
   bare handed combat [Unskilled]
   two weapon combat  [Unskilled]
   riding             [Unskilled]
 Weapon Skills
   dagger             [Unskilled]
   knife              [Unskilled]
   axe                [Unskilled]
   pick-axe           [Unskilled]
   short sword        [Unskilled]
   broadsword         [Unskilled]
   long sword         [Unskilled]
   two-handed sword   [Unskilled]
   saber              [Unskilled]
   mace               [Unskilled]
   morning star       [Unskilled]
   flail              [Unskilled]
   hammer             [Unskilled]
   quarterstaff       [Unskilled]
   polearms           [Unskilled]
   spear              [Unskilled]
   trident            [Unskilled]
   lance              [Unskilled]
   bow                [Unskilled]
   sling              [Unskilled]
   crossbow           [Unskilled]
   dart               [Skilled]
   shuriken           [Unskilled]
   boomerang          [Unskilled]
   whip               [Unskilled]
   unicorn horn       [Unskilled]
 Spellcasting Skills
   divination spells  [Unskilled]
   enchantment spells [Unskilled]
   escape spells      [Unskilled]

Voluntary challenges:
 Character rerolling was not enabled.
 You never genocided any monsters.
 You never polymorphed an object.
 You never changed form.
 You used no wishes.
Achievements:
 You attained the rank of Sightseer.
 You entered the Gnomish Mines.
 You attained the rank of Excursionist.
 You entered a shop.

 The Dungeons of Doom: levels 1 to 4
    Level 1:
       Many altars, a fountain, a sink, a grave.
    Level 2:
    Level 3:
       A fountain.
    Level 4: <- You were here.
       A general store, some fountains.
       Stairs down to The Gnomish Mines.
       Final resting place for
          you, killed by a Mordor orc.
 The Gnomish Mines:
    Level 5:


Vanquished creatures:
  a large mimic
  a dingo
  3 Mordor orcs
  a rock mole
  a shrieker
  3 gnome leaders
  a little dog
  2 dwarves
  a homunculus
  5 rothes
  3 giant bats
  4 dwarf zombies
 an acid blob
  5 coyotes
  a gas spore
  3 hobbits
  a hobgoblin
  8 giant rats
  a yellow mold
  2 green molds
  2 gnomes
  a gnome zombie
  9 geckos
 15 jackals
  3 foxes
  3 kobolds
  6 goblins
  4 sewer rats
 22 grid bugs
 10 lichens
  2 kobold zombies
  9 newts
134 creatures vanquished.

No species were genocided or became extinct.

Game over:
                       ----------
                      /          \
                     /    REST    \
                    /      IN      \
                   /     PEACE      \
                  /                  \
                  |      Brudee      |
                  |     3658 Au      |
                  |   killed by a    |
                  |    Mordor orc    |
                  |                  |
                  |                  |
                  |       2026       |
                 *|     *  *  *      | *
        _________)/\\_//(\/(/\)/\//\/|_)_______

Aloha Brudee the Tourist...

You died in The Dungeons of Doom on dungeon level 4 with 5624 points,
and 3658 pieces of gold, after 7721 moves.
You were level 6 with a maximum of 52 hit points when you died.

